 Dungeon Crawl Stone Soup version 0.25-a0-35-g747a2b3 (webtiles) character file.

Game seed: 5588048457469225726, levelgen mode: deterministic

2158 Spazmo the Thaumaturge (level 9, -1/45 HPs)
             Began as a Deep Elf Fire Elementalist on Oct 18, 2019.
             Was an Initiate of Vehumet.
             Shot with an arrow by a centaur (15 damage)
             ... on level 7 of the Dungeon.
             The game lasted 00:17:28 (5252 turns).

Spazmo the Thaumaturge (Deep Elf Fire Elementalist) Turns: 5252, Time: 00:17:29

Health: -1/45      AC:  3    Str:  5    XL:     9   Next: 10%
Magic:  27/33      EV: 13    Int: 24    God:    Vehumet [......]
Gold:   217        SH:  0    Dex: 17    Spells: 12/27 levels left

rFire    + . .     SeeInvis .   u - +1 long sword "Nonwus" {slice, Dex+2}
rCold    . . .     Gourm    .   (no shield)
rNeg     . . .     Faith    .   w - +1 robe {MR+}
rPois    .         Spirit   .   (no helmet)
rElec    .         Reflect  .   (no cloak)
rCorr    .         Harm     .   (no gloves)
MR       +....                  (no boots)
Stlth    ++........             (no amulet)
HPRegen  0.15/turn              h - ring of magical power
MPRegen  0.23/turn              d - ring of protection from fire

@: no status effects
A: no striking features
a: Renounce Religion


You were on level 7 of the Dungeon.
You worshipped Vehumet.
Vehumet was noncommittal.
You were not hungry.

You visited 2 branches of the dungeon, and saw 8 of its levels.

You collected 217 gold pieces.

Inventory:

Hand Weapons
 u - the +1 long sword "Nonwus" (weapon) {slice, Dex+2}
   (You found it on level 6 of the Dungeon)

   It inflicts extra damage upon your enemies.
   It affects your dexterity (+2).
Missiles
 b - 202 stones (quivered)
Armour
 w - a +1 robe of magic resistance (worn)
Magical Staves
 r - an uncursed staff of summoning
Jewellery
 d - a ring of protection from fire (right hand)
 h - a ring of magical power (left hand)
 t - a +6 ring of dexterity
Scrolls
 f - 2 scrolls of amnesia
 i - 3 scrolls of remove curse
 k - 3 scrolls of teleportation
 m - 3 scrolls of fog
 p - 3 scrolls of enchant weapon
 s - 2 scrolls of noise {unknown}
 v - a scroll of identify
Potions
 e - a potion of flight
 g - 2 potions of heal wounds
 j - a potion of brilliance
 l - 2 potions of curing
 n - a potion of might {unknown}
 o - a potion of haste
 q - a potion of cancellation {unknown}
Comestibles
 a - 3 chunks of flesh
 c - 13 rations


   Skills:
 - Level 2.4 Dodging
 - Level 2.4 Stealth
 + Level 9.5 Spellcasting
 + Level 7.6 Conjurations
 + Level 8.3 Fire Magic


You had 12 spell levels left.
You knew the following spells:

 Your Spells              Type           Power        Failure   Level  Hunger
a - Flame Tongue          Conj/Fire      #####        1%          1    None
b - Throw Flame           Conj/Fire      #####.       1%          2    None
c - Conjure Flame         Conj/Fire      #####...     1%          3    None
d - Sticky Flame          Conj/Fire      #####...     1%          4    ##.....
e - Fireball              Conj/Fire      #####.....   6%          5    ####...

Your spell library contained the following spells:

 Spells                   Type           Power        Failure   Level  Hunger
 Inner Flame              Hex/Fire       ####....     3%          3    None
 Beastly Appendage        Tmut           ##....       5%          1    None
 Sticks to Snakes         Tmut           ##......     9%          2    None
 Spider Form              Tmut/Pois      ##........   17%         3    None
 Ice Form                 Ice/Tmut       ##......     50%         4    ##.....
 Blade Hands              Tmut           ##........   83%         5    ####...


Dungeon Overview and Level Annotations

Branches:
Dungeon (7/15)             Temple (1/1) D:6

Altars:
Ashenzari
Dithmenos
Fedhas
Vehumet
Zin

Annotations:
D:6 1 runed translucent door, themados's ghost, novice HaWr


Message History

The centaur shouts!
You hear a croak.
The centaur wields a +0 shortbow.
The centaur shoots an arrow.
The arrow hits you!
Casting: Throw Flame (safe; 1% risk of failure)
Confirm with . or Enter, or press ? or * to list all spells.
Aiming: Throw Flame (safe; 1% risk of failure)
Press: ? - help, Shift-Dir - straight line, f/p - centaur
Aim: a centaur, wielding a +0 shortbow (heavily wounded)
The puff of flame misses the centaur.
The centaur shoots an arrow.
The arrow hits you but does no damage.
The centaur shoots an arrow.
The arrow hits you!
Casting: Throw Flame (safe; 1% risk of failure)
Confirm with . or Enter, or press ? or * to list all spells.
Aiming: Throw Flame (safe; 1% risk of failure)
Press: ? - help, Shift-Dir - straight line, f/p - centaur
Aim: a centaur, wielding a +0 shortbow (heavily wounded)
The puff of flame hits the centaur!
The centaur is almost dead.
The centaur shoots an arrow.
The arrow hits you!
You die...

### ##..
. .... ..
#.. c##
#..##....
#.#......
#.....# .
##@# ..
#..# #.
####..###
#.......#
#.......#
##
#.......#
..
#.......#
##
#.......#
..
#.......#
##


You could see a centaur.

Vanquished Creatures
  Prince Ribbit (D:5)
  Grinder (D:6)
  A hippogriff (D:6)
  Eustachio (D:5)
  Menkaure (D:4)
  Duvessa (D:6)
  2 ogres
  A centaur (D:5)
  Blork the orc (D:6)
  Dowan (D:6)
  2 scorpions
  A bullfrog zombie (D:7)
  2 jellies (D:5)
  3 orc priests
  7 orc wizards
  A bullfrog skeleton (D:6)
  An iguana (D:4)
  2 worker ants
  A hound skeleton (D:6)
  A gnoll (D:4)
  A howler monkey skeleton (D:4)
  6 adders
  A shadow imp (D:5)
  An ooze (D:4)
  An adder zombie (D:5)
  7 worms
  4 leopard geckos
  27 orcs
  5 giant cockroaches
  8 goblins
  13 hobgoblins
  15 jackals
  15 kobolds
  4 quokkas
  A ball python (D:4)
  8 bats
  12 frilled lizards
  2 leopard gecko skeletons
  2 leopard gecko zombies
  9 rats
174 creatures vanquished.

Notes
Turn   | Place    | Note
-------+----------+-------------------------------------------
     0 | D:1      | Spazmo the Deep Elf Fire Elementalist began the quest for
                  | the Orb.
     0 | D:1      | Reached XP level 1. HP: 10/10 MP: 6/6
   235 | D:1      | Reached XP level 2. HP: 15/15 MP: 4/8
   239 | D:1      | Learned a level 2 spell: Throw Flame
   611 | D:1      | Reached XP level 3. HP: 19/19 MP: 2/10
   968 | D:2      | Reached skill level 4 in Spellcasting
  1143 | D:2      | Reached XP level 4. HP: 24/24 MP: 3/12
  1151 | D:2      | Learned a level 3 spell: Conjure Flame
  1156 | D:2      | Learned a level 4 spell: Sticky Flame
  1805 | D:3      | Reached XP level 5. HP: 28/28 MP: 9/13
  1925 | D:3      | Reached skill level 5 in Spellcasting
  2210 | D:3      | Noticed an angel
  2211 | D:3      | Found a glowing silver altar of Zin.
  2420 | D:3      | Reached skill level 5 in Fire Magic
  2723 | D:4      | Reached XP level 6. HP: 28/32 MP: 16/16
  2736 | D:3      | Learned a level 5 spell: Fireball
  2758 | D:4      | Noticed Menkaure
  2764 | D:4      | Killed Menkaure
  2793 | D:4      | Reached skill level 6 in Spellcasting
  3027 | D:4      | Reached XP level 7. HP: 9/36 MP: 18/18
  3172 | D:4      | Reached skill level 5 in Conjurations
  3394 | D:5      | Entered Level 5 of the Dungeon
  3427 | D:5      | Noticed Eustachio
  3433 | D:5      | Reached skill level 7 in Spellcasting
  3443 | D:5      | Killed Eustachio
  3609 | D:5      | Noticed Prince Ribbit
  3803 | D:5      | Reached XP level 8. HP: 41/41 MP: 21/21
  4021 | D:5      | Killed Prince Ribbit
  4021 | D:5      | Reached skill level 8 in Spellcasting
  4550 | D:6      | Found a blossoming altar of Fedhas.
  4562 | D:6      | Noticed Grinder
  4568 | D:6      | Killed Grinder
  4625 | D:6      | Found a runed translucent door.
  4626 | D:6      | Noticed themados's ghost (novice HaWr)
  4852 | D:6      | Got a slimy long sword
  4853 | D:6      | Identified the +1 long sword "Nonwus" {slice, Dex+2} (You
                  | found it on level 6 of the Dungeon)
  4857 | D:6      | Found a staircase to the Ecumenical Temple.
  4874 | Temple   | Entered the Ecumenical Temple
  4896 | Temple   | Became a worshipper of Vehumet
  4938 | D:6      | Noticed Blork the orc
  4943 | D:6      | Noticed Duvessa
  4951 | D:6      | Killed Blork the orc
  4954 | D:6      | Reached skill level 9 in Spellcasting
  4960 | D:6      | Noticed Dowan
  4961 | D:6      | Killed Duvessa
  4971 | D:6      | Killed Dowan
  5125 | D:7      | Noticed a hippogriff
  5133 | D:7      | Reached XP level 9. HP: 45/45 MP: 12/24
  5252 | D:7      | Shot with an arrow by a centaur

Levels and vault maps discovered:
D:1:      lightli_arrival_maybe_door_vault, layout_loops_ring
D:2:      layout_rooms
D:3:      layout_loops_cross, zin_angel, chequers_hall_statues_wall_a,
          kennysheep_small_spiral
D:4:      minmay_skewed_foursquare, layout_basic, first_ration, uniq_menkaure
D:5:      layout_loops_corners, serial_bayou, serial_bayou_lake_a,
          serial_bayou_pond_c, serial_bayou_ford_a, serial_bayou_shore_a,
          uniq_prince_ribbit1, uniq_eustachio
D:6:      minmay_clustersquares, layout_basic, nicolae_overflow_crystal_walls,
          minmay_temple_entry_purple_smoke, gammafunk_ghost_grave,
          kennysheep_generic_room_14, uniq_duvessa, uniq_grinder,
          uniq_blork_the_orc
D:7:      layout_rooms, uniq_crazy_yiuf_cottage
Temple:   hc_temple_tempest_star

Skill      XL: |  1  2  3  4  5  6  7  8 |
---------------+-------------------------+-----
Conjurations   | 2 3 4 5 7 |  7.6
Fire Magic     | 4 5 6 8 |  8.3
Spellcasting   | 4 5 6 7 9 |  9.5
Dodging        | |  2.4
Stealth        | |  2.4

Action                   |  1- 3 |  4- 6 |  7- 9 || total
-------------------------+-------+-------+-------++-------
Melee: Short sword       |    16 |     1 |    13 ||    30
 Cast: Flame Tongue      |    96 |   152 |   113 ||   361
       Throw Flame       |     1 |     8 |    31 ||    40
       Sticky Flame      |       |     1 |     7 ||     8
       Fireball          |       |       |     2 ||     2
       Conjure Flame     |       |       |     2 ||     2
Evoke: Wand              |       |       |     3 ||     3
  Use: Scroll            |       |     5 |     5 ||    10
       Potion            |       |     2 |     3 ||     5
  Eat: Chunk             |     1 |     5 |     6 ||    12
       Ration            |       |       |     1 ||     1
Armor: Robe              |     5 |     6 |     6 ||    17
Dodge: Dodged            |    50 |    30 |    34 ||   114
       Rpst.: Long sword |       |       |     3 ||     3

Table legend:
 A = Non-vault XP
 B = Vault XP
 C = Vault XP percentage of total XP
 D = Non-vault monster count
 E = Vault monster count
 F = Vault count percentage of total count
                 A         B        C        D         E       F
            +---------+---------+-------+---------+---------+-------
      Total |    1679 |    1405 |  45.6 |     160 |      14 |   8.0
            +---------+---------+-------+---------+---------+-------
        D:1 |      47 |       0 |   0.0 |      27 |       0 |   0.0
        D:2 |      83 |       0 |   0.0 |      30 |       0 |   0.0
        D:3 |     244 |       0 |   0.0 |      39 |       0 |   0.0
        D:4 |     421 |     231 |  35.4 |      28 |       5 |  15.2
        D:5 |     361 |     471 |  56.6 |      24 |       2 |   7.7
        D:6 |     435 |     703 |  61.8 |       5 |       7 |  58.3
        D:7 |      88 |       0 |   0.0 |       7 |       0 |   0.0
            +---------+---------+-------+---------+---------+-------
